Map: Frozen Temple

Players

Montu - Winner!

  • Race: Terran Terran
  • League: Gold

A.I. 1 (Medium)

  • Race: Zerg Zerg

VOD

Have the link to the VOD?

Description

Time

  • Played on: Sept. 5, 2016, 4:57 a.m.
  • Length: 11:43
Show
View Real Time Build Order
Export as new Build Order

Montu Terran - Winner!

Build Orders: Reaper Expand, MMM Bio 

Get SALT Encoding   

  12  0:01  SCV  
  13  0:13  SCV  
  14  0:19  Supply Depot  
  14  0:25  SCV  
  15  0:40  SCV  
  15  0:42  Barracks  
  16  0:47  Refinery  
  16  0:52  SCV  
  17  1:05  SCV  
  18  1:17  SCV  
  19  1:29  Orbital Command  
  19  1:30  Reaper  
  20  1:44  Command Center  
  20  1:55  Barracks  
  20  1:57  SCV  
  21  2:05  Barracks Reactor  
  21  2:08  Supply Depot  
  21  2:10  SCV  
  22  2:19  Refinery  
  22  2:23  SCV  
  23  2:35  SCV  
  24  2:38  Factory  
  23  2:44  Marine x3  
  23  2:49  SCV  
  27  2:58  Orbital Command  
  27  2:59  Bunker  
  27  3:01  SCV  
  28  3:06  Marine x2  
  31  3:13  SCV  
  31  3:16  Barracks Tech Lab  
  31  3:18  Supply Depot  
  31  3:25  SCV  
  31  3:26  Starport  
  32  3:27  Factory Reactor  
  32  3:34  SCV  
  32  3:38  Stimpack  
  33  3:46  SCV  
  34  3:49  SCV  
  34  3:50  Marine x2  
  34  3:51  Marine  
  38  3:58  SCV  
  38  4:01  SCV  
  40  4:12  Marine x2  
  40  4:13  Marine  
  40  4:15  Medivac x2  
  47  4:19  SCV x2  
  49  4:25  Supply Depot  
  49  4:31  SCV x2  
  49  4:33  Marine x3  
  54  4:46  SCV, Widow Mine  
  54  4:48  Supply Depot  
  54  4:51  Marine  
  54  4:52  Liberator  
  58  5:02  Marine x2  
  60  5:09  Marine  
  60  5:10  Medivac  
  66  5:19  Marine  
  67  5:22  Command Center, Supply Depot, Barracks  
  67  5:24  Barracks, SCV  
  67  5:25  SCV, Barracks  
  67  5:28  Marine  
  70  5:43  SCV x2, Marine  
  70  5:46  Factory Reactor, Supply Depot  
  70  5:47  Marine x2  
  75  5:56  SCV  
  76  6:00  Liberator  
  76  6:01  Marine  
  76  6:05  Marine  
  67  6:18  Barracks Reactor  
  67  6:19  Barracks Reactor  
  67  6:20  Barracks Tech Lab  
  67  6:23  SCV  
  67  6:24  SCV  
  69  6:26  Liberator  
  69  6:28  Combat Shields  
  69  6:35  Refinery  
  69  6:36  SCV x2  
  69  6:37  Refinery  
  69  6:39  Marine x2  
  74  6:41  Supply Depot, Orbital Command  
  74  6:43  Supply Depot  
  76  6:48  SCV x2  
  76  6:54  Marine x3  
  79  6:56  Marine  
  79  6:57  Marine  
  79  7:00  SCV x2  
  79  7:01  Marine x3  
  85  7:03  Orbital Command  
  88  7:08  Engineering Bay  
  88  7:11  Marine x2  
  90  7:21  SCV x2  
  92  7:33  SCV  
  92  7:34  SCV x2, Engineering Bay  
  95  7:45  SCV  
  95  7:46  SCV  
  95  7:47  SCV  
  95  7:50  Marine x2  
  95  7:51  Marine x5  
  102  7:52  Medivac x2  
  102  7:57  SCV  
  110  7:58  SCV  
  110  7:59  SCV  
  110  8:01  Supply Depot  
  110  8:02  Supply Depot  
  110  8:05  Liberator x2  
  112  8:10  Marine x5  
  117  8:14  Supply Depot  
  117  8:16  Marine x3  
  120  8:22  Terran Infantry Weapons Level 1, Terran Infantry Armor Level 1  
  120  8:25  Missile Turret  
  126  8:27  Missile Turret, Marine  
  126  8:31  Refinery  
  126  8:33  Missile Turret  
  126  8:34  Marine x2  
  128  8:35  Marauder x2  
  133  8:48  Liberator  
  133  8:52  Marine x6  
  133  8:54  SCV x3  
  142  8:58  Supply Depot  
  140  9:06  Medivac, SCV  
  140  9:07  SCV x2  
  149  9:10  Marine x5  
  149  9:13  Marauder  
  149  9:15  Marauder  
  149  9:16  Marine  
  157  9:20  SCV  
  157  9:22  Supply Depot  
  158  9:24  Supply Depot  
  158  9:27  Marine  
  158  9:28  Marine x4  
  163  9:31  Supply Depot x2  
  163  9:32  Supply Depot  
  163  9:34  Marauder  
  165  9:43  Medivac, Marauder, Marine  
  165  9:45  Marine x3  
  170  9:46  Marine  
  170  9:48  Medivac  
  176  9:59  Marine  
  178  10:01  Marauder, Marine  
  178  10:03  Marine x4  
  178  10:05  Marauder  
  186  10:12  Widow Mine x2  
  186  10:13  Medivac  
  192  10:16  Marine  
  192  10:23  Marauder  
  192  10:25  Marine x4  
  192  10:26  Marauder  
  199  10:44  Armory  
Show
View Real Time Build Order
Export as new Build Order

A.I. 1 (Medium) Zerg 

Build Orders: Hatch First 

Get SALT Encoding   

  12  0:00  Drone  
  13  0:12  Overlord  
  13  0:17  Drone  
  14  0:30  Drone  
  14  0:33  Drone  
  16  0:36  Drone  
  17  0:54  Hatchery  
  17  0:55  Drone  
  17  1:10  Spawning Pool  
  16  1:12  Drone  
  16  1:15  Drone  
  16  1:18  Extractor  
  17  1:20  Drone  
  18  1:27  Overlord  
  18  1:58  Zergling x4, Queen  
  18  2:00  Roach Warren  
  18  2:01  Drone  
  22  2:02  Extractor  
  22  2:05  Drone  
  22  2:38  Overlord  
  22  2:40  Roach  
  22  2:42  Extractor  
  22  2:43  Drone  
  24  2:55  Roach  
  24  2:56  Lair, Extractor  
  25  3:08  Drone  
  25  3:10  Roach  
  28  3:13  Drone  
  28  3:16  Drone  
  30  3:20  Drone  
  30  3:24  Drone  
  30  3:25  Roach  
  34  3:29  Drone  
  34  3:33  Drone  
  36  3:48  Overlord  
  36  3:52  Drone  
  36  3:55  Drone  
  38  3:56  Hydralisk Den  
  38  3:59  Drone  
  38  4:02  Drone  
  39  4:05  Drone  
  40  4:11  Roach  
  42  4:23  Overlord  
  42  4:25  Hydralisk  
  42  4:27  Drone  
  42  4:31  Drone  
  46  4:34  Drone  
  46  4:37  Drone  
  48  4:40  Drone, Hydralisk  
  48  4:43  Drone  
  52  4:46  Drone  
  52  4:50  Drone  
  54  4:55  Overlord  
  54  4:58  Drone  
  55  5:00  Drone  
  55  5:04  Drone  
  57  5:08  Drone  
  57  5:12  Drone  
  57  5:13  Roach  
  61  5:15  Drone  
  61  5:17  Overlord  
  61  5:19  Drone  
  63  5:25  Drone  
  64  5:30  Drone  
  65  5:36  Drone  
  65  5:41  Drone  
  67  5:43  Overlord  
  67  5:44  Drone, Roach  
  70  5:54  Drone  
  70  5:57  Drone  
  64  5:58  Hydralisk  
  64  6:03  Drone  
  56  6:08  Drone  
  50  6:13  Hydralisk  
  50  6:16  Drone  
  51  6:18  Drone  
  51  6:21  Drone  
  53  6:25  Drone  
  53  6:29  Zergling x2, Drone  
  56  6:36  Drone  
  57  6:40  Drone  
  57  6:44  Overseer  
  57  6:46  Overseer  
  58  6:47  Drone, Hydralisk  
  58  6:50  Drone  
  58  6:53  Drone, Overlord  
  63  6:58  Drone  
  64  7:02  Drone  
  64  7:03  Baneling Nest  
  64  7:09  Drone, Evolution Chamber  
  64  7:10  Spore Crawler  
  64  7:12  Drone  
  64  7:17  Spore Crawler  
  64  7:19  Drone, Roach  
  64  7:20  Spore Crawler  
  64  7:22  Drone  
  66  7:25  Drone  
  66  7:26  Spore Crawler  
  66  7:28  Drone  
  67  7:31  Drone  
  67  7:34  Drone  
  69  7:37  Queen  
  69  7:42  Drone  
  72  7:44  Spine Crawler  
  72  7:45  Roach  
  72  7:49  Spine Crawler  
  72  7:50  Drone  
  73  7:51  Overlord  
  73  7:53  Drone  
  73  7:56  Drone  
  73  7:58  Spine Crawler  
  74  7:59  Drone  
  74  8:04  Drone  
  76  8:05  Spine Crawler  
  76  8:06  Roach  
  76  8:09  Queen  
  79  8:15  Drone  
  79  8:16  Infestation Pit  
  79  8:18  Drone  
  80  8:22  Spire  
  80  8:23  Drone, Roach  
  82  8:27  Evolution Chamber  
  82  8:28  Drone  
  82  8:38  Roach  
  84  8:53  Pneumatized Carapace, Roach  
  84  8:55  Overseer, Overlord  
  81  9:05  Zergling x2, Hatchery  
  61  9:17  Hydralisk  
  61  9:23  Overseer  
  63  9:29  Hydralisk  
  65  9:38  Hive  
  65  9:41  Hydralisk  
  65  9:42  Overlord  
  65  9:43  Overseer  
  65  9:54  Hydralisk  
  67  10:01  Muscular Augments  
  67  10:04  Overlord  
  66  10:20  Zergling x2  
  52  10:23  Overlord  
  52  10:27  Hydralisk  
  52  10:34  Hydralisk  
  33  10:41  Drone, Hydralisk  
  29  10:49  Zergling x2  
  28  10:56  Roach  
  25  10:58  Overlord  
  25  10:59  Drone  
  25  11:03  Ultralisk Cavern, Drone  
  20  11:14  Drone  
  13  11:18  Drone  
  12  11:27  Drone  
Tags
 
Add a new tag
Caveats
  • Supply blocks, unpowered buildings, or Contaminate may cause inaccurate times.
  • Supply counts are checked every 10 seconds.